 Dungeon Crawl Stone Soup version 0.25.1-2-g60ff931df9 (webtiles) character file.

Game seed: 12874594604274914274

36502 Exodus22XD the Dancer (level 13, -30/99 HPs)
             Began as a Demonspawn Gladiator on Oct 31, 2020.
             Was a Follower of Uskayaw.
             Annihilated by a minotaur
             ... wielding the +14 Maxwell's thermic engine {flame, freeze}
              (37 damage)
             ... in a Gauntlet.
             The game lasted 00:36:39 (21856 turns).

Exodus22XD the Dancer (Demonspawn Gladiator)       Turns: 21856, Time: 00:36:39

Health: -30/99     AC: 30    Str: 22    XL:     13   Next: 53%
Magic:  0/22       EV: 17    Int: 12    God:    Uskayaw [*.....]
Gold:   1262       SH:  0    Dex: 29    Spells: 12/12 levels left

rFire    . . .     SeeInvis +   e - +2 trident (freeze)
rCold    . . .     Gourm    .   (no shield)
rNeg     + + +     Faith    .   D - +10 chain mail "Diydd" {*Drain rN+++ Int+3}
rPois    +         Spirit   +   O - +1 helmet of the Storm King {Harm *Drain Str+2 Dex+3}
rElec    +         Reflect  .   C - +2 cloak
rCorr    .         Harm     +   A - +0 pair of gloves
MR       .....     NoTele   +   (no boots)
Stlth    +++++.....             (no amulet)
HPRegen  0.26/turn              d - ring of Ynece {rElec EV+4 Dex+8 SInv}
MPRegen  0.36/turn              P - ring "Jiokoh" {rPois Dex+3 Stlth+}

@: mighty, brilliant, very slightly contaminated, studying Long Blades,
invisible
A: talons 1, slimy green scales 1, nightstalker 2, magic shield, magic
regeneration
a: Stomp, Renounce Religion


You were in a Gauntlet.
You worshipped Uskayaw.
Uskayaw was pleased with you.
You were hungry.

You visited 2 branches of the dungeon, and saw 17 of its levels.
You also visited: Gauntlet and Volcano.

You collected 1262 gold pieces.

Inventory:

Hand Weapons
 e - a +2 trident of freezing (weapon)
 z - the +2 war axe of Uhimuwesk {vorpal, Dex+7, unknown}
   (You found it in a Gauntlet)

   It inflicts extra damage upon your enemies.
   It affects your dexterity (+7).
Armour
 A - a +0 pair of gloves (worn)
 C - a +2 cloak (worn)
 D - the +10 chain mail "Diydd" (worn) {*Drain rN+++ Int+3}
   (You found it on level 11 of the Dungeon)

   It affects your intelligence (+3).
   It renders you almost immune to negative energy.
   It causes draining when unequipped.
 O - the +1 helmet of the Storm King (worn) {Harm *Drain Str+2 Dex+3}
   (You found it in a Gauntlet)

   It affects your strength (+2).
   It affects your dexterity (+3).
   It causes draining when unequipped.
   It increases damage dealt and taken.
Jewellery
 d - the ring of Ynece (left hand) {rElec EV+4 Dex+8 SInv}
   (You found it on level 12 of the Dungeon)

   [ring of evasion]

   It affects your evasion (+4).
   It affects your dexterity (+8).
   It insulates you from electricity.
   It lets you see invisible.
 k - an uncursed ring of ice
 E - a +6 ring of strength
 G - an uncursed ring of stealth
 P - the ring "Jiokoh" (right hand) {rPois Dex+3 Stlth+}
   (You found it in a Gauntlet)

   [ring of stealth]

   It affects your dexterity (+3).
   It protects you from poison.
   It makes you more stealthy.
 Q - the ring of Finality {+Fly rC- Dex+4 Stlth+}
   (You found it in a Gauntlet)

   [ring of flight]

   It affects your dexterity (+4).
   It makes you vulnerable to cold.
   It lets you fly.
   It makes you more stealthy.
Wands
 a - a wand of digging (5)
 p - a wand of iceblast (10)
 t - a wand of random effects (11)
 x - a wand of polymorph (6)
Scrolls
 b - 4 scrolls of amnesia
 c - a scroll of brand weapon {unknown}
 g - 5 scrolls of remove curse
 j - a scroll of enchant weapon
 m - 6 scrolls of teleportation
 o - a scroll of fog
 r - 4 scrolls of fear
 s - a scroll of enchant armour
 y - 2 scrolls of immolation
 H - a scroll of summoning {unknown}
 L - a scroll of acquirement {unknown}
Potions
 h - a potion of invisibility
 i - a potion of might
 l - 3 potions of magic
 n - 2 potions of resistance {unknown}
 q - 3 potions of flight
 u - 11 potions of curing
 v - 2 potions of berserk rage {unknown}
 w - 2 potions of lignification
 B - 4 potions of haste
 I - 2 potions of mutation
 J - 2 potions of brilliance
 K - a potion of stabbing {unknown}
 M - a potion of heal wounds {unknown}
Books
 F - a manual of Long Blades
Comestibles
 f - 35 rations


   Skills:
 + Level 8.6 Fighting
 + Level 12.0 Polearms
 - Level 1.7 Throwing
 + Level 8.2 Armour
 + Level 5.5 Dodging
 + Level 10.6 Stealth
 * Level 13.0 Invocations


You had 12 spell levels left.
You didn't know any spells.
Your spell library contained the following spells:

 Spells                   Type           Power        Failure   Level  Hunger
 Animate Skeleton         Necr           N/A          91%         1    None
 Apportation              Tloc           #.....       91%         1    None
 Corona                   Hex            #......      91%         1    None
 Magic Dart               Conj           #...         91%         1    None
 Shock                    Conj/Air       #...         91%         1    None
 Summon Small Mammal      Summ           #...         91%         1    None
 Blink                    Tloc           N/A          97%         2    None
 Call Imp                 Summ           #.......     97%         2    None
 Slow                     Hex            #.......     97%         2    None
 Swiftness                Chrm/Air       #.......     97%         2    None
 Confusing Touch          Hex            #.......     100%        3    None
 Conjure Flame            Conj/Fire      #.......     100%        3    None
 Gell's Gravitas          Tloc           #.........   100%        3    None
 Mephitic Cloud           Conj/Pois/Air  #.......     100%        3    None
 Static Discharge         Conj/Air       #.......     100%        3    None
 Airstrike                Air            #.........   100%        4    None
 Petrify                  Tmut/Erth      #.......     100%        4    None
 Lightning Bolt           Conj/Air       #.........   100%        5    None
 Metabolic Englaciation   Hex/Ice        #.........   100%        5    None
 Yara's Violent Unravell  Hex/Tmut       #.........   100%        5    None


Dungeon Overview and Level Annotations

Branches:
Dungeon (12/15)            Temple (0/1) D:4            Lair (5/6) D:11
 Shoals (0/4) Lair:2       Spider (0/4) Lair:4          Orc (0/2) D:11
Volcano (visited)         Gauntlet (1/1)
  Slime: Lair:5-6

Altars:
Fedhas
Okawaru
Sif Muna
Trog
Uskayaw
Xom

Shops:
D:7 (   D:10 *

Portals:
Trove: D:11 (give +2 storm dragon scales)

Annotations:
Lair:2 exclusion: 4 oklob plants Gauntlet 8 transporters, 2 runed translucent doors, exclusions: ice statue and 2 orange crystal statues


Innate Abilities, Weirdness & Mutations

You have sharp toenails.
You are partially covered in slimy green scales. (AC +2)
You are significantly more attuned to the shadows.
When hurt, damage is shared between your health and your magic reserves.
You regenerate magic rapidly.


Message History

Press: ? - help, Dir - move target cursor, f/p - minotaur
Aim: a minotaur, wielding the +10 Maxwell's thermic engine {flame, freeze}, wearing a +1 plate armour of cold resistance and quivering 9 silver javelins (lightly wounded, wandering, fast, hasn't noticed you)
You reach to attack!
You catch the helpless minotaur completely off-guard!
You puncture the minotaur! You freeze the minotaur.
The minotaur is moderately wounded.
The minotaur hits you with the +10 Maxwell's thermic engine {flame, freeze}!
* * * LOW HITPOINT WARNING * * *
The minotaur burns you.
* * * LOW HITPOINT WARNING * * *
The minotaur freezes you.
* * * LOW HITPOINT WARNING * * *
The minotaur misses you.
The minotaur hits you but does no damage.
The minotaur freezes you.
* * * LOW HITPOINT WARNING * * *
The minotaur gores you.
* * * LOW HITPOINT WARNING * * *
The minotaur hits you with the +14 Maxwell's thermic engine {flame, freeze}!!
You die...

##§.#!#.#.#. #≈..#%#.#.#.
##..#©##©##. #≈..#.#.#.#.
##..#=#.#.#. ########
##≈..#.P.#... #...(..
.###..########
##.##.###..##..........
#8....@.....#..########
#.....#H#...#..#.......
#######.#.#.©.#8.#.##.##.
[8:8.8#...#...#..##..#..#
.H....'.###.©.#∩.#©##©##.
!8[8.8#...#...#..##..#..#
#######.#.#.©.#8.#.##.##.
#.....#.#...#..#.......
#8..........#..########


You could see a minotaur (fast).

Vanquished Creatures
  A vault guard (D:11)
  7 hydras
  A two-headed ogre (D:8)
  2 skeletal warriors (Volcano)
  2 unseen horrors (D:11)
  5 large abominations (Gauntlet)
  Pikel (D:8)
  An anaconda skeleton (Volcano)
  An ugly thing (D:11)
  14 elephants
  A merfolk siren (Lair:2)
  4 spiny frogs
  A black mamba (Lair:1)
  An ice statue (Gauntlet)
  4 gargoyles
  7 komodo dragons
  3 rime drakes
  A troll (D:10)
  Grinder (D:3)
  A hornet (D:12)
  A harpy skeleton (Volcano)
  4 hippogriffs
  An alligator skeleton (Volcano)
  A flying skull (Volcano)
  A spriggan (D:8)
  A wyvern (Lair:3)
  A water elemental (D:11)
  10 yaks
  2 basilisks
  A hungry ghost (D:11)
  A steam dragon (D:10)
  A warg (D:11)
  6 water moccasins
  3 acid dragons
  A swamp drake (Lair:3)
  4 porcupines
  An ice beast (D:8)
  4 orc warriors
  8 small abominations (Gauntlet)
  2 sky beasts
  2 black bears
  6 ogres
  6 wolves (Lair:1)
  7 centaurs
  6 phantoms
  8 crocodiles
  10 bullfrogs
  Blork the orc (D:4)
  A wyvern skeleton (D:12)
  5 scorpions
  A killer bee (D:8)
  A spriggan skeleton (Volcano)
  5 wights (D:5)
  2 electric eels (D:11)
  16 howler monkeys
  2 bullfrog zombies
  2 centaur zombies
  3 crimson imps
  A quasit (D:5)
  3 hounds
  3 orc priests
  A jelly (D:12)
  2 centaur skeletons (D:8)
  5 orc wizards
  Ijyb (D:3)
  2 hell rats (Lair:1)
  An iguana (D:10)
  19 worker ants
  A naga skeleton (Volcano)
  A hound skeleton (D:7)
  A worker ant zombie (D:11)
  A howler monkey zombie (D:5)
  16 adders
  3 gnolls (D:3)
  10 river rats (Lair:1)
  3 shadow imps
  3 oozes
  3 adder skeletons
  2 adder zombies
  8 worms
  2 dart slugs
  4 leopard geckos
  24 orcs
  A ball python (D:5)
  6 giant cockroaches
  8 goblins
  11 hobgoblins
  24 jackals
  4 quokkas
  11 bats
  2 frilled lizards
  6 kobolds
  A leopard gecko skeleton (D:8)
  2 quokka skeletons
  8 rats
  A plant (Lair:3)
402 creatures vanquished.

Vanquished Creatures (others)
  2 flying skulls (Volcano)
  A slave (D:8)
  A fungus (Lair:4)
  3 plants (Lair:2)
7 creatures vanquished.

Grand Total: 409 creatures vanquished

Notes
Turn   | Place    | Note
-------+----------+-------------------------------------------
     0 | D:1      | Exodus22XD the Demonspawn Gladiator began the quest for the
                  | Orb.
     0 | D:1      | Reached XP level 1. HP: 16/16 MP: 1/1
   221 | D:1      | Gained mutation: You are slightly more attuned to the
                  | shadows. [demonic ancestry]
   221 | D:1      | Reached XP level 2. HP: 19/22 MP: 2/2
   799 | D:1      | Reached XP level 3. HP: 28/28 MP: 3/3
  1155 | D:2      | Reached skill level 1 in Stealth
  1742 | D:2      | Reached skill level 1 in Armour
  1742 | D:2      | Gained mutation: You have sharp toenails. [demonic
                  | ancestry]
  1742 | D:2      | Reached XP level 4. HP: 30/34 MP: 4/4
  2250 | D:3      | Reached XP level 5. HP: 32/39 MP: 5/5
  2620 | D:3      | Noticed Grinder
  2652 | D:3      | Killed Grinder
  2652 | D:3      | Gained mutation: When hurt, damage is shared between your
                  | health and your magic reserves. [demonic ancestry]
  2652 | D:3      | Reached XP level 6. HP: 5/47 MP: 6/6
  2936 | D:3      | Noticed Ijyb
  2944 | D:3      | Killed Ijyb
  3457 | D:4      | Found a hide-covered altar of Uskayaw.
  3457 | D:4      | Found a bloodstained altar of Trog.
  3457 | D:4      | Found a shimmering altar of Xom.
  3461 | D:4      | Became a worshipper of Uskayaw the Reveler
  3507 | D:4      | Reached * piety under Uskayaw
  3508 | D:4      | Reached ** piety under Uskayaw
  3712 | D:4      | Found a shimmering blue altar of Sif Muna.
  3835 | D:4      | Noticed Blork the orc
  3839 | D:4      | Gained mutation: You regenerate magic rapidly. [demonic
                  | ancestry]
  3839 | D:4      | Reached XP level 7. HP: 51/52 MP: 7/7
  3854 | D:4      | Killed Blork the orc
  3854 | D:4      | Reached skill level 5 in Polearms
  3854 | D:4      | Reached skill level 1 in Invocations
  3854 | D:4      | Reached *** piety under Uskayaw
  3994 | D:4      | Found a staircase to the Ecumenical Temple.
  4280 | D:5      | Entered Level 5 of the Dungeon
  4318 | D:5      | Reached skill level 2 in Invocations
  4605 | D:5      | HP: 1/52 [ogre/+0 giant spiked club (22)]
  5269 | D:5      | Reached skill level 3 in Invocations
  5278 | D:5      | Reached XP level 8. HP: 54/60 MP: 10/10
  5519 | D:5      | Reached **** piety under Uskayaw
  5729 | D:5      | Reached skill level 4 in Invocations
  6359 | D:5      | Reached ***** piety under Uskayaw
  6566 | D:6      | Reached skill level 5 in Invocations
  6711 | D:6      | You fall into a shaft and drop 1 floor!
  6732 | D:7      | Noticed a hippogriff
  6980 | D:6      | Reached XP level 9. HP: 66/66 MP: 12/12
  7382 | D:7      | Reached skill level 5 in Stealth
  7636 | D:7      | Found Nomopoc's Antique Weapon Emporium.
  7854 | D:7      | Found an iron altar of Okawaru.
  7872 | D:7      | Reached skill level 6 in Invocations
  8437 | D:8      | Noticed Pikel
  8464 | D:8      | Killed Pikel
  8464 | D:8      | Reached skill level 5 in Fighting
  8729 | D:8      | Reached skill level 7 in Invocations
  8731 | D:8      | Reached skill level 5 in Armour
  9138 | D:8      | Noticed a two-headed ogre
  9152 | D:8      | Killed a two-headed ogre
  9152 | D:8      | Gained mutation: You are partially covered in slimy green
                  | scales. (AC +2) [demonic ancestry]
  9152 | D:8      | Reached XP level 10. HP: 67/74 MP: 13/15
 10633 | D:9      | Found a shimmering blue altar of Sif Muna.
 10810 | D:9      | Got a bronze scale mail
 10821 | D:9      | Identified the +2 scale mail of the Maze {Int+4} (You found
                  | it on level 9 of the Dungeon)
 10910 | D:9      | Reached skill level 8 in Invocations
 11713 | D:10     | Entered Level 10 of the Dungeon
 11713 | D:10     | Noticed a gargoyle
 11721 | D:10     | Killed a gargoyle
 12106 | D:10     | Found Icem's General Store.
 12137 | D:10     | Reached skill level 5 in Dodging
 12137 | D:10     | Reached skill level 9 in Invocations
 12139 | D:10     | Reached XP level 11. HP: 55/81 MP: 13/17
 12649 | D:11     | Found a staircase to the Lair.
 12649 | D:11     | Noticed a purple ugly thing
 12667 | D:11     | Killed a purple ugly thing
 12689 | D:11     | Got an ancient chain mail
 12859 | D:10     | Identified the +10 chain mail "Diydd" {*Drain rN+++ Int+3}
                  | (You found it on level 11 of the Dungeon)
 12958 | D:11     | HP: 3/81 [water elemental (8)]
 12959 | D:11     | Found a portal to a secret trove of treasure.
 13299 | D:11     | Noticed a vault guard
 13326 | D:11     | Killed a vault guard
 13490 | D:11     | Reached ****** piety under Uskayaw
 13878 | D:11     | Found a staircase to the Orcish Mines.
 13954 | D:11     | Killed an unseen horror
 13954 | D:11     | Reached skill level 10 in Polearms
 13954 | D:11     | Reached skill level 10 in Invocations
 14254 | D:11     | Found a blossoming altar of Fedhas.
 14291 | D:11     | Killed an unseen horror
 14657 | D:12     | Noticed a six-headed hydra
 14670 | D:12     | Killed a six-headed hydra
 14954 | D:12     | Got an ancient ivory ring
 14958 | D:12     | Noticed an eight-headed hydra
 14970 | D:12     | Killed an eight-headed hydra
 15387 | D:12     | Identified the ring of Ynece {rElec EV+4 Dex+8 SInv} (You
                  | found it on level 12 of the Dungeon)
 15546 | Lair:1   | Entered Level 1 of the Lair of Beasts
 15776 | Lair:1   | Noticed a six-headed hydra
 15784 | Lair:1   | Killed a six-headed hydra
 15784 | Lair:1   | Gained mutation: You are significantly more attuned to the
                  | shadows. [demonic ancestry]
 15784 | Lair:1   | Reached XP level 12. HP: 66/91 MP: 13/20
 16430 | Lair:1   | Reached skill level 11 in Invocations
 16962 | Lair:2   | Noticed a seven-headed hydra
 17123 | Lair:2   | Found a staircase to the Shoals.
 17908 | Lair:2   | Killed a seven-headed hydra
 18804 | Lair:3   | Noticed a four-headed hydra
 18816 | Lair:3   | Killed a four-headed hydra
 19476 | Lair:4   | Noticed a seven-headed hydra
 19488 | Lair:4   | Killed a seven-headed hydra
 19488 | Lair:4   | Reached skill level 12 in Invocations
 19502 | Lair:4   | Found a dark tunnel.
 19510 | Volcano  | Entered a volcano
 19836 | Volcano  | Reached XP level 13. HP: 73/98 MP: 18/22
 20133 | Lair:4   | Reached skill level 10 in Stealth
 20351 | Lair:4   | Found a hole to the Spider Nest.
 21082 | Lair:5   | Found a gate leading to a gauntlet.
 21089 | Gauntlet | Entered a Gauntlet
 21089 | Gauntlet | Found a transporter.
 21089 | Gauntlet | Found a runed translucent door.
 21091 | Gauntlet | Found a transporter.
 21093 | Gauntlet | Found a runed translucent door.
 21103 | Gauntlet | Found a transporter.
 21124 | Gauntlet | Found a transporter.
 21142 | Gauntlet | Found a transporter.
 21152 | Gauntlet | Found a transporter.
 21157 | Gauntlet | Found a transporter.
 21171 | Gauntlet | Found a transporter.
 21195 | Gauntlet | Found a transporter.
 21219 | Gauntlet | Found a transporter.
 21233 | Gauntlet | Found a transporter.
 21249 | Gauntlet | Found a transporter.
 21251 | Gauntlet | Found a transporter.
 21411 | Gauntlet | Got a glimmering helmet
 21422 | Gauntlet | Identified the +1 helmet of the Storm King {Harm *Drain
                  | Str+2 Dex+3} (You found it in a Gauntlet)
 21434 | Gauntlet | Found a transporter.
 21467 | Gauntlet | Got a bound bone ring
 21470 | Gauntlet | Identified the ring "Jiokoh" {rPois Dex+3 Stlth+} (You
                  | found it in a Gauntlet)
 21691 | Gauntlet | Got a smoking war axe
 21715 | Gauntlet | Reached skill level 13 in Invocations
 21734 | Gauntlet | Got a coiled brass ring
 21740 | Gauntlet | Identified the ring of Finality {+Fly rC- Dex+4 Stlth+}
                  | (You found it in a Gauntlet)
 21822 | Gauntlet | Noticed a minotaur
 21856 | Gauntlet | Annihilated by a minotaur

Illustrated notes

Levels and vault maps discovered:
D:1:      moated_graveyard_arrival, layout_basic
D:2:      layout_basic, first_ration
D:3:      layout_loops_ring, serial_park_tiny_1, uniq_grinder, uniq_ijyb
D:4:      layout_rooms, gammafunk_temple_overflow_claw, old_standard_altar,
          minmay_temple_entry_offerings, uniq_blork_the_orc
D:5:      layout_loops_corners
D:6:      layout_cave_pools, hangedman_decor_riveting, serial_park_tiny_pond
D:7:      layout_gridville, serial_shops, shop, okawaru_ov_weapons_minmay
D:8:      hangedman_cross_stitches, layout_gridville, the_bakery,
          minmay_manual_monstrance, uniq_pikel
D:9:      layout_basic, corexii_checkpoint_a, lemuel_tele_altar
D:10:     layout_basic, serial_shops, shop
D:11:     layout_basic, lair_entry_dummy, david_orc_3, enter_trove_5,
          fedhas_altar_2
D:12:     layout_roguey, minivault_1
Lair:1:   layout_roguey, kennysheep_rathole, infiniplex_staircase_pool_2,
          grunt_megastairs_5
Lair:2:   layout_layer_cave, minmay_shoals_entry_lonely_mermaid,
          minmay_lair_oklob_chamber
Lair:3:   layout_chaotic_city, hibernation_bobbens, infiniplex_staircase_pool
Lair:4:   layout_hall_layers, nicolae_spider_entry_non_spiders,
          nicolae_volcano_entry_hallway, minmay_holes
Lair:5:   layout_regular_city, gauntlet_entry_generic
Gauntlet: gammafunk_gauntlet_mixed_choke_point
          [minmay_gauntlet_arena_77_shame_cube, minmay_gauntlet_arena_77_box,
          minmay_gauntlet_arena_77_squiggly, gammafunk_gauntlet_arena_split_x,
          minmay_gauntlet_arena_77_two_paths, minmay_gauntlet_arena_77_braids,
          minmay_gauntlet_arena_77_mirror,
          nicolae_gauntlet_exit_dead_adventurers]

Skill      XL: |  1  2  3  4  5  6  7  8  9 10 11 12 13 |
---------------+----------------------------------------+-----
Polearms       | 3 4 5 6 8 9 10 11 12 | 12.0
Dodging        | 3 4 5 |  5.5
Stealth        | 1 2 3 4 5 6 8 9 10 | 10.6
Armour         | 1 2 3 4 5 6 7 8 |  8.2
Fighting       | 3 4 5 6 7 8 |  8.6
Invocations    | 3 5 7 9 10 12 13 | 13.0
Throwing       | |  1.7

Action                   |  1- 3 |  4- 6 |  7- 9 | 10-12 | 13-15 || total
-------------------------+-------+-------+-------+-------+-------++-------
Melee: Trident           |   147 |   128 |   504 |   955 |   195 ||  1929
       Kick              |       |    22 |   145 |   398 |   103 ||   668
Throw: Throwing net      |       |       |       |     4 |       ||     4
Invok: Line Pass         |       |       |     2 |     3 |       ||     5
       Stomp             |       |       |     1 |     1 |       ||     2
       Grand Finale      |       |       |       |       |     1 ||     1
  Use: Potion            |       |     1 |       |       |     5 ||     6
       Scroll            |       |       |       |    20 |     3 ||    23
 Stab: Sleeping          |    12 |     9 |    22 |    24 |     8 ||    75
       Paralysed         |       |       |    18 |    65 |    21 ||   104
       Distracted        |       |       |     1 |     5 |     1 ||     7
       Confused          |       |       |       |     1 |       ||     1
       Invisible         |       |       |       |       |     1 ||     1
  Eat: Chunk             |     3 |     7 |    18 |    29 |     4 ||    61
       Ration            |       |       |       |     4 |       ||     4
Armor: Leather armour    |    31 |    21 |       |       |       ||    52
       Ring mail         |       |     5 |   145 |   132 |       ||   282
       Chain mail        |       |       |       |   344 |    50 ||   394
Dodge: Dodged            |    67 |    79 |   266 |   457 |    80 ||   949
